 Dungeon Crawl Stone Soup version 0.27.1-4-g1640c2035a (webtiles) character file.

Game seed: 1178071480524653495

266 adizb the Shield-Bearer (level 6, -2/57 HPs)
             Began as a Deep Dwarf Fighter on Nov 14, 2021.
             Slain by Pikel (9 damage)
             ... on level 4 of the Dungeon.
             The game lasted 00:12:28 (1934 turns).

adizb the Shield-Bearer (Deep Dwarf Fighter)        Turns: 1934, Time: 00:12:28

Health: -2/57      AC: 14    Str: 21    XL:     6   Next: 0%
Magic:  4/4        EV:  4    Int:  9    God:
Gold:   189        SH: 10    Dex: 12    Spells: 5/5 levels left

rFire    . . .     SeeInvis .   a - +0 war axe
rCold    . . .     Faith    .   c - +0 kite shield
rNeg     . . .     Spirit   .   g - +0 plate armour
rPois    .         Reflect  .   b - +0 helmet
rElec    .         Harm     .   (no cloak)
rCorr    .         Rampage  .   o - +0 pair of gloves
Will     .....                  (no boots)
Stlth    ..........             (no amulet)
HPRegen  0.00/turn              (no ring)
MPRegen  0.09/turn              (no ring)

@: no status effects
A: damage resistance, heal wounds, sense surroundings 1, no regeneration
a: Heal Wounds


You were on level 4 of the Dungeon.
You visited 1 branch of the dungeon, and saw 4 of its levels.

You collected 189 gold pieces.

Inventory:

Hand Weapons
 a - a +0 war axe (weapon)
Armour
 b - a +0 helmet (worn)
 c - a +0 kite shield (worn)
 g - a +0 plate armour (worn)
 o - a +0 pair of gloves (worn)
Jewellery
 k - a ring of ice
Wands
 n - a wand of flame (15)
 q - a wand of iceblast (6)
Scrolls
 e - a scroll of noise {unknown}
 h - a scroll of enchant weapon {unknown}
 i - a scroll of brand weapon {unknown}
 j - 2 scrolls of enchant armour {unknown}
 l - a scroll of immolation {unknown}
Potions
 d - a potion of might
 f - a potion of heal wounds {unknown}
 m - a potion of resistance
 p - a potion of curing {unknown}
 r - a potion of ambrosia {unknown}


   Skills:
 + Level 3.7 Fighting
 + Level 4.0 Axes
 + Level 4.5 Armour
 + Level 4.7 Shields


You had 5 spell levels left.
You didn't know any spells.
Your spell library was empty.

Dungeon Overview and Level Annotations

Branches:
Dungeon (4/15)
 Temple: D:4-7

Altars:
Xom

Shops:
D:2 [

Annotations:
D:4 Pikel


Innate Abilities, Weirdness & Mutations

You are resistant to damage.
You can heal yourself by infusing magical energy.
You passively map a small area around you.
You do not regenerate.


Message History

You kill the goblin!
You have reached level 6!
Your experience leads to an increase in your attributes!
Increase (S)trength, (I)ntelligence, or (D)exterity?
You feel stronger.
A kobold comes into view.
It is wielding a +0 club and quivering poisoned darts.
The kobold shouts!
You block Pikel's attack.
Things that are here:
a +0 dagger; a goblin corpse You slash Pikel!
Pikel is moderately wounded.
A lemure comes into view.
Pikel hits you with a +2 whip of electrocution.
Pikel drinks a potion.
Pikel flickers and vanishes!
Deactivating autopickup; reactivate with Ctrl-A.
You barely miss something.
The lemure shouts!
Something hits you but does no damage.
You are electrocuted!
* * * LOW HITPOINT WARNING * * *
You miss something. Something hits you. Something hits you but does no damage.
You closely miss something. Something hits you but does no damage.
You closely miss something. Something hits you but does no damage.
Something hits you.
You hit something but do no damage. Something hits you.
* * * LOW HITPOINT WARNING * * *
Your magical essence is drained by the effort!
You feel much better. Something hits you.
You are electrocuted!
* * * LOW HITPOINT WARNING * * *
You miss something. Something hits you but does no damage.
You block something's attack.
You feel much better. You block something's attack.
You closely miss something. Something hits you but does no damage.
You barely miss something. Something hits you.
Something hits you but does no damage.
You are electrocuted!
You closely miss something. Something hits you but does no damage.
You closely miss something. Something hits you.
You are electrocuted!!
* * * LOW HITPOINT WARNING * * *
Something hits you but does no damage.
You are electrocuted!
You die...

#...## ,......... #...#
........† #...# ..........
#...# ##....#... * *
#...#######..(....##
#...#...........#### ,, ,,
##....######.#..# # , ,
...######..........#..# #
..K5.g55.@####..#.....####
, ...########
#....##...... *
#.>###....... ,⌠, , * *###
#..##...†.... , , , ,
...#.....#.###..
####.#....##...... *
#................. *
####...##.##.###..
..................


You could see 3 lemures, a goblin and a kobold.

Vanquished Creatures
  A lemure (D:4)
  Crazy Yiuf (D:2)
  Natasha (D:2)
  2 iguanas
  3 gnolls (D:3)
  4 adders
  An adder skeleton (D:4)
  3 worms (D:2)
  6 orcs (D:3)
  8 ball pythons
  3 bats
  6 endoplasms
  2 giant cockroaches
  7 goblins
  6 hobgoblins
  4 jackals (D:1)
  3 quokkas
  7 frilled lizards
  8 kobolds
  5 rats
81 creatures vanquished.

Notes
Turn   | Place    | Note
-------+----------+-------------------------------------------
     0 | D:1      | adizb the Deep Dwarf Fighter began the quest for the Orb.
     0 | D:1      | Reached XP level 1. HP: 20/20 MP: 1/1
    51 | D:1      | Reached XP level 2. HP: 22/27 MP: 2/2
   432 | D:1      | Reached XP level 3. HP: 34/34 MP: 3/3
   600 | D:2      | Found Neucesh's Antique Armour Boutique.
   681 | D:2      | Noticed Natasha
   691 | D:2      | Killed Natasha
   692 | D:2      | Reached XP level 4. HP: 17/42 MP: 4/4
   927 | D:2      | Found a runed translucent door.
   928 | D:2      | Noticed Crazy Yiuf
   939 | D:2      | Killed Crazy Yiuf
  1185 | D:3      | Reached XP level 5. HP: 29/49 MP: 5/5
  1761 | D:4      | Found a shimmering altar of Xom.
  1890 | D:4      | Noticed a lemure
  1907 | D:4      | Killed a lemure
  1915 | D:4      | Noticed Pikel
  1915 | D:4      | Noticed a lemure
  1917 | D:4      | Noticed a lemure
  1919 | D:4      | Reached XP level 6. HP: 23/57 MP: 5/5
  1934 | D:4      | Slain by Pikel

Illustrated notes

Levels and vault maps discovered:
D:1:      scummos_arrival_hexagon, layout_basic, st_stairs_9
D:2:      layout_loops_cross, serial_shops, nicolae_shop_statue_plus,
          uniq_natasha, uniq_crazy_yiuf_cottage
D:3:      layout_loops_ring
D:4:      layout_rooms, lemuel_crystal_altar, grunt_ministairs_12,
          chequers_serial_rivers_small_3, uniq_edmund, uniq_pikel

Skill      XL: |  1  2  3  4  5 |
---------------+----------------+-----
Fighting       | 3 |  3.7
Axes           | 3 4 |  4.0
Shields        | 4 |  4.7
Armour         | 4 |  4.5

Action                   |  1- 3 |  4- 6 || total
-------------------------+-------+-------++-------
Melee: War axe           |   135 |   140 ||   275
 Abil: Heal Wounds       |     1 |     5 ||     6
  Use: Potion            |       |     1 ||     1
Armor: Scale mail        |    23 |       ||    23
       Plate armour      |    76 |    79 ||   155
Dodge: Dodged            |    30 |    28 ||    58
Block: Kite shield       |    99 |    79 ||   178
